Map: Traitor's Exile

Players

Tiger - Winner!

  • Race: Protoss Protoss
  • League: Diamond
  • Spawn Location: 9:00

PureLegacy - Winner!

  • Race: Terran Terran
  • Spawn Location: 12:00

mTz

  • Race: Terran Terran
  • League: Diamond
  • Spawn Location: 5:00

PaCTom

  • Race: Protoss Protoss
  • League: Master
  • Spawn Location: 6:00

VOD

Have the link to the VOD?

Description

Time

  • Played on: Nov. 28, 2018, 9:37 a.m.
  • Length: 3:41
Show
View Real Time Build Order
Export as new Build Order

Tiger Protoss - Winner!

Build Orders:  

Get SALT Encoding   

  12  0:00  Probe  
  13  0:13  Probe  
  14  0:24  Pylon  
  14  0:25  Probe  
  15  0:44  Probe  
  15  0:46  Gateway  
  16  0:52  Probe  
  16  0:55  Assimilator  
  16  1:01  Probe  
  16  1:09  Probe  
  17  1:17  Probe  
  19  1:29  Probe  
  20  1:33  Cybernetics Core  
  20  1:48  Nexus  
  20  1:52  Probe  
  21  1:59  Pylon  
  21  2:02  Stalker  
  21  2:04  Assimilator  
  23  2:21  Probe  
  24  2:32  Stalker  
  26  2:45  Twilight Council  
  26  2:46  Probe  
  27  2:58  Probe  
  27  3:02  Probe  
  25  3:07  Probe  
  26  3:16  Probe  
  26  3:24  Probe  
  26  3:25  Probe  
Show
View Real Time Build Order
Export as new Build Order

PureLegacy Terran - Winner!

Build Orders:  

Get SALT Encoding   

  12  0:01  SCV  
  13  0:13  SCV  
  14  0:18  Supply Depot  
  14  0:25  SCV  
  15  0:30  Refinery  
  15  0:39  SCV  
  16  0:46  Barracks  
  16  0:52  SCV  
  17  1:04  Barracks  
  17  1:16  Barracks  
  17  1:21  SCV  
  18  1:34  Reaper  
  18  1:39  Orbital Command  
  19  1:47  Refinery  
  19  1:51  Reaper  
  20  1:58  Supply Depot  
  20  2:04  Reaper  
  21  2:10  Reaper  
  21  2:13  SCV  
  23  2:21  Supply Depot  
  23  2:25  SCV  
  23  2:28  Reaper  
  25  2:37  SCV  
  25  2:38  Reaper  
  27  2:50  Reaper  
  28  2:52  SCV  
  29  3:00  Reaper  
  31  3:19  Command Center  
  33  3:34  Engineering Bay  
Show
View Real Time Build Order
Export as new Build Order

mTz Terran 

Build Orders: Reaper Expand 

Get SALT Encoding   

  12  0:01  SCV  
  13  0:13  SCV  
  14  0:19  Supply Depot  
  14  0:25  SCV  
  15  0:40  SCV  
  16  0:42  Barracks  
  16  0:53  Refinery, SCV  
  17  1:05  SCV  
  18  1:22  SCV  
  19  1:35  Reaper  
  19  1:36  Orbital Command  
  20  1:45  Command Center  
  20  1:53  Refinery  
  20  2:01  Supply Depot  
  20  2:02  SCV  
  20  2:07  Reaper  
  22  2:14  SCV  
  21  2:45  Marine  
  21  2:50  Barracks  
  22  2:51  Barracks  
  22  2:58  Orbital Command  
  22  3:00  SCV  
  22  3:03  Marine  
  22  3:18  SCV  
  20  3:21  Marine  
Show
View Real Time Build Order
Export as new Build Order

PaCTom Protoss 

Build Orders: Phoenix Opening 

Get SALT Encoding   

  12  0:01  Probe  
  13  0:13  Probe  
  14  0:18  Pylon  
  14  0:25  Probe  
  15  0:34  Probe  
  15  0:38  Gateway  
  16  0:43  Probe  
  16  0:48  Assimilator  
  17  0:54  Assimilator  
  17  0:55  Probe  
  18  1:08  Gateway  
  18  1:11  Probe  
  19  1:26  Cybernetics Core  
  19  1:29  Probe  
  20  1:39  Pylon  
  20  1:45  Probe  
  21  1:53  Adept  
  21  1:54  Adept  
  25  2:19  Adept x2  
  29  2:28  Stargate  
  29  2:46  Adept  
  31  3:08  Adept, Phoenix  
  31  3:17  Pylon  
  31  3:18  Pylon  
Tags
 
Add a new tag
Caveats
  • Supply blocks, unpowered buildings, or Contaminate may cause inaccurate times.
  • Supply counts are checked every 10 seconds.